 Dungeon Crawl Stone Soup version 0.30-a0-140-gd1020e658a (webtiles) character file.

Game seed: 11375341872175853394

152944 qw the Severer (level 17, -7/166 HPs)
             Began as a Gargoyle Fighter on Sept 24, 2022.
             Was a High Priest of Okawaru.
             Mangled by Agnes
             ... wielding a +2 lajatang of venom
              (23 damage)
             ... on level 2 of the Spider Nest.
             The game lasted 00:16:26 (26455 turns).

qw the Severer (Gargoyle Fighter)                  Turns: 26455, Time: 00:16:27

Health: -7/166     AC: 38    Str: 30    XL:     17   Next: 59%
Magic:  20/24      EV:  8    Int: 17    God:    Okawaru [*****.]
Gold:   1263       SH: 22    Dex:  3    Spells: 16/16 levels left

rFire   + + +      SeeInvis +    y - +1 broad axe (vamp)
rCold   . . .      Faith    .    I - +0 tower shield
rNeg    + . .      Spirit   .    N - +5 plate armour {rF+}
rPois   inf        Reflect  .    w - +1 hat of a wizard's laboratory {Regen+ Str+2 Int+8 Dex-4}
rElec   +          Harm     .    (no cloak)
rCorr   +          Rampage  .    s - +2 pair of gloves
Will    +....                    c - +0 pair of boots
Stlth   ..........               e - amulet of regeneration
HPRegen 1.97/turn                b - +4 ring of protection
MPRegen 0.19/turn                F - ring "Duduz" {Fly rF++ rCorr Dex-2 SInv}

@: berserking, heroic, corroded, flying, very quick
A: sickness immunity, AC +12, big wings, negative energy resistance 1,
electricity resistance, torment resistance 1, petrification resistance, large
bone plates 1, MP-powered wands
a: Renounce Religion, Heroism, Finesse, Duel


You were on level 2 of the Spider Nest.
You worshipped Okawaru.
Okawaru was extremely pleased with you.
You visited 6 branches of the dungeon, and saw 28 of its levels.
You also visited: Gauntlet.

You collected 3743 gold pieces.
You spent 2480 gold pieces at shops.


Innate Abilities, Weirdness & Mutations

You are immune to sickness and miasma.
Your stone body is resilient. (AC +12)
You are immune to poison.
Your large and strong wings let you fly.
You resist negative energy. (rN+)
You are resistant to electric shocks. (rElec)
You are resistant to unholy torment.
You are immune to petrification.
You are partially covered in large bone plates. (SH +4)
You expend magic power (3 MP) to strengthen your wands.


   Skills:
 - Level 14.0(19.0) Fighting
 - Level 18.0(23.0) Axes
 - Level 7.4(12.4) Throwing
 - Level 12.2(17.2) Armour
 - Level 2.0(7.0) Dodging
 + Level 15.8(20.8) Shields
 - Level 10.0 Invocations


You had 16 spell levels left.
You didn't know any spells.
Your spell library was empty.

Inventory:

Hand Weapons
 p - the +5 hand axe "Ramuececra" {flame, rC++ Will+ MP+9 Dex-2}
   (You found it on level 2 of the Dungeon)

   It burns those it strikes, dealing additional fire damage.
   Big, fiery blades are also staple armaments of hydra-hunters.
   Dex:       It affects your dexterity (-2).
   rC:        It greatly protects you from cold.
   MP:        It affects your magic capacity (+9).
   Will:      It increases your willpower.
 y - a +1 vampiric broad axe (weapon)
 M - the +12 war axe "Ammahoecvo" {vorpal, Str+4 SInv}
   (You found it on level 3 of the Shoals)

   It inflicts extra damage upon your enemies.
   Str:       It affects your strength (+4).
   SInv:      It lets you see invisible.
Missiles
 i - 5 silver boomerangs (quivered)
 j - 5 boomerangs of dispersal
 D - 11 boomerangs
Armour
 c - a +0 pair of boots (worn)
 k - the +0 ring mail of Okawaru's Inspiration {rPois rC+++ rCorr Int-5}
   (Okawaru gifted it to you on level 10 of the Dungeon)

   Int:       It affects your intelligence (-5).
   rC:        It renders you almost immune to cold.
   rPois:     It protects you from poison.
   rCorr:     It protects you from acid and corrosion.
 s - a +2 pair of gloves (worn)
 w - the +1 hat of a wizard's laboratory (worn) {Regen+ Str+2 Int+8 Dex-4}
   (Okawaru gifted it to you on level 3 of the Lair of Beasts)

   Str:       It affects your strength (+2).
   Int:       It affects your intelligence (+8).
   Dex:       It affects your dexterity (-4).
   Regen:     It increases your rate of health regeneration.
 A - +0 acid dragon scales
 I - a +0 tower shield (worn)
 K - the +1 kite shield of Rikar {Drain rF+++ rCorr Slay-4}
   (Okawaru gifted it to you on level 3 of the Shoals)

   Slay:      It affects your accuracy & damage with ranged weapons and melee
   (-4).
   rF:        It renders you almost immune to fire.
   rCorr:     It protects you from acid and corrosion.
   Drain:     It drains your maximum health when unequipped.
 N - a +5 plate armour of fire resistance (worn)
Jewellery
 a - a ring of protection from fire
 b - a +4 ring of protection (left hand)
 e - an amulet of regeneration (around neck)
 g - a ring of protection from cold
 o - a ring of ice
 r - a +6 ring of strength
 v - a ring of resist corrosion
 F - the ring "Duduz" (right hand) {Fly rF++ rCorr Dex-2 SInv}
   (You found it in a Gauntlet)

   [ring of flight]

   Dex:       It affects your dexterity (-2).
   rF:        It greatly protects you from fire.
   SInv:      It lets you see invisible.
   Fly:       It grants you flight.
   rCorr:     It protects you from acid and corrosion.
 H - a ring of protection from fire
 L - a ring of see invisible
Scrolls
 n - 11 scrolls of identify
 q - 8 scrolls of teleportation
 u - 2 scrolls of brand weapon
Potions
 d - 4 potions of might
 f - 6 potions of lignification
 l - 2 potions of mutation
 m - 10 potions of curing
 t - 6 potions of attraction
 x - 2 potions of magic
 B - 3 potions of haste
 C - 5 potions of heal wounds
 E - 2 potions of resistance

Dungeon Overview and Level Annotations

Branches:
Dungeon (15/15)            Temple (1/1) D:6            Lair (5/5) D:9
 Shoals (3/4) Lair:2       Spider (2/4) Lair:3        Slime (0/5) Lair:4
    Orc (2/2) D:10            Elf (0/3) Orc:2        Vaults (0/5) D:14
 Depths (0/4) D:15        Gauntlet (visited)

Altars:
Ashenzari
Cheibriados
Dithmenos
Elyvilon
Fedhas
Gozag
Hepliaklqana
Kikubaaqudgha
Makhleb
Nemelex Xobeh
Okawaru
Qazlal
Ru
Sif Muna
Trog
Uskayaw
Vehumet
Wu Jian
Xom
Yredelemnul
Zin
The Shining One

Shops:
D:6 ?   D:8 *   D:11 (   Orc:2 [(:*

Annotations:
D:6 1 runed translucent door, Duvomoum's ghost, novice FeTm
D:13 2 transporters, Xeymp's ghost, journeyman SpEn
Lair:3 2 transporters, Deesahac's ghost, journeyman BaFi
Lair:4 3 runed translucent doors, Fiha's ghost, journeyman VSTm
Shoals:3 3 runed translucent doors
Spider:2 Agnes


Message History

Agnes is heavily wounded.
You slice the redback!!
You feel better.
You kill the redback!
Okawaru accepts your kill.
Agnes hits you with a +2 lajatang of venom!
You miss Agnes.
Agnes is heavily wounded.
Agnes hits you with a +2 lajatang of venom!
Agnes hits you but does no damage.
You barely miss Agnes.
Agnes is heavily wounded.
You slice the redback!! x2; You feel better.
You block Agnes's attack. You block the redback's attack.
You closely miss the redback.
The redback is severely wounded.
You hit the redback.
You feel better.
You hit the redback.
You feel better.
You slash Agnes! You block Agnes's attack. You block the redback's attack.
Agnes hits you but does no damage. The redback closely misses you.
You slice the redback!!
You kill the redback!
Okawaru accepts your kill.
You closely miss Agnes. You hit the redback but do no damage.
You barely miss the redback.
Agnes hits you with a +2 lajatang of venom!!
You slash the redback!
You kill the redback!
Okawaru accepts your kill.
You hit the redback.
You feel better.
You barely miss the redback. You hit Agnes but do no damage.
Agnes hits you with a +2 lajatang of venom!!
You block the redback's attack.
The redback bites you but does no damage.
Agnes hits you but does no damage.
You slash Agnes!
Agnes is severely wounded.
You barely miss the redback. You slice the redback!!
You slice the jumping spider!!
Agnes hits you with a +2 lajatang of venom!!
You die...

...#((#..#....
............#. .
....#........ ..
#.........$. ...
#..........^..#
##......(....!....
#.....#ss#...#..s ####
#..#...s@i......###...#
#...#.....##..#........##
##......## #B.#..##..#.
###.#....## ##...(#.^....
#..[......####..##^.......
#....##.^....#.........#.<
##..#.....................
####.......#.......#.....
##....#.....%.........


You could see Agnes (berserk), a jumping spider and 2 redbacks.

Vanquished Creatures
  A kraken (Shoals:1)
  Gastronok (Lair:3)
  Kirke (D:12)
  Louise (Shoals:3)
  An orc warlord (Orc:2)
  An ironbound preserver (D:14)
  Azrael (D:12)
  Nessos (Orc:2)
  A minotaur (Gauntlet)
  A spark wasp (Spider:1)
  2 merfolk javelineers (Shoals:2)
  Snorg (Lair:3)
  2 entropy weavers
  Josephine (Orc:2)
  2 merfolk impalers
  2 fire dragons
  A rakshasa (D:15)
  9 hydras
  Erolcha (D:10)
  An ogre mage (D:12)
  2 merfolk aquamancers
  A radroach (Spider:1)
  3 merfolk avatars (Shoals:3)
  8 centaur warriors
  4 boulder beetles
  2 two-headed ogres
  A vampire mage (D:15)
  A titan zombie (D:15)
  Nergalle (D:10)
  Sonja (Lair:2)
  2 skeletal warriors (D:15)
  Amaemon (D:8)
  2 pharaoh ants
  7 sea snakes
  A swamp dragon (Lair:5)
  2 orb spiders
  6 deep elf pyromancers
  2 orc sorcerers (Orc:2)
  A wizard (Gauntlet)
  An orc knight (Orc:2)
  A deep elf zephyrmancer (D:15)
  4 fauns (Shoals:1)
  A necromancer (D:15)
  23 harpies
  An oklob plant (Lair:5)
  A stone giant zombie (D:15)
  2 ugly things
  6 cyclopes
  5 wolf spiders
  10 manticores
  3 moths of wrath
  3 merfolk sirens
  A rust devil (Gauntlet)
  14 black mambas
  3 water nymphs
  13 elephants
  2 torpor snails
  An ice statue (Lair:5)
  An orange demon (D:8)
  A guardian serpent (Lair:5)
  18 cane toads
  A demonic crawler (Spider:2)
  A gargoyle (D:12)
  3 kobold demonologists (D:11)
  5 yaktaurs (D:15)
  2 efreet
  5 rime drakes (Lair:5)
  3 freezing wraiths
  An unseen horror (D:11)
  15 komodo dragons
  5 wind drakes
  3 meliai (D:15)
  2 trolls
  16 merfolk
  7 polar bears
  5 tarantellas
  3 hornets
  11 blink frogs
  2 spriggan zombies (D:15)
  28 slime creatures
  2 dream sheep (Shoals:3)
  6 snapping turtles
  28 jumping spiders
  5 culicivoras
  5 wraiths
  A yak (shapeshifter) (D:14)
  A vampire (D:11)
  12 water elementals
  20 wyverns
  5 hogs (D:12)
  A ynoxinul (Gauntlet)
  2 humans (D:12)
  42 yaks
  7 basilisks
  A hog (shapeshifter) (D:14)
  10 vampire mosquitoes
  19 redbacks
  3 steam dragons
  4 wargs
  3 acid dragons
  14 water moccasins
  5 hell hounds (D:12)
  A swamp drake (Lair:5)
  2 black bears
  6 ice beasts (Lair:5)
  31 orc warriors
  3 sky beasts
  7 ogres
  12 wolves
  7 centaurs
  A phantom (D:6)
  5 kobold brigands
  15 bullfrogs
  A gnoll sergeant (D:9)
  3 scorpions (Orc:1)
  2 necrophages
  2 two-headed ogre simulacra (D:13)
  A hornet simulacrum (D:14)
  14 wights
  14 killer bees
  3 howler monkeys
  7 electric eels
  2 jellies
  2 hounds
  22 orc priests
  4 iron imps (Gauntlet)
  9 iguanas
  36 orc wizards
  A polar bear simulacrum (D:13)
  A troll simulacrum (D:13)
  2 spriggan simulacra (D:13)
  11 gnolls
  2 adders
  2 naga simulacra (D:13)
  A shadow imp (Gauntlet)
  3 white imps
  6 worms
  A dart slug (D:3)
  105 orcs
  9 ball pythons
  8 bats
  5 endoplasms
  2 giant cockroaches (D:2)
  13 goblins
  11 hobgoblins
  35 kobolds
  5 quokkas
  2 frilled lizards
  4 rats
  3 tentacles (Shoals:1)
953 creatures vanquished.

Vanquished Creatures (others)
  2 slime creatures (D:12)
  A jumping spider (Spider:1)
  A boggart (D:12)
  An iguana (Lair:5)
  An orc (D:10)
  10 fungi
  123 plants
  2 tentacles (Shoals:1)
  7 withered plants (D:15)
148 creatures vanquished.

Grand Total: 1101 creatures vanquished

Notes
Turn   | Place    | Note
-------+----------+-------------------------------------------
     0 | D:1      | qw the Gargoyle Fighter began the quest for the Orb.
     0 | D:1      | Reached XP level 1. HP: 14/14 MP: 1/1
     0 | D:1      | 0 ||| qw: Version: 0.1.0-9-gbc19398
     0 | D:1      | 0 ||| qw: Game counter: 13
     0 | D:1      | 0 ||| qw: Always use a shield: true
     0 | D:1      | 0 ||| qw: God list: Okawaru
     0 | D:1      | 0 ||| qw: Allow faded altars: false
     0 | D:1      | 0 ||| qw: Do Orc after D:15 true
     0 | D:1      | 0 ||| qw: Do second Lair branch before Depths: true
     0 | D:1      | 0 ||| qw: Lair rune preference: random
     0 | D:1      | 0 ||| qw: Plans: Normal, Zot:1-4, God:TSO, Crypt, Tomb,
                  | Pan, Slime:5, Hells, Abyss, Orb
     0 | D:1      | 0 ||| PLANNING D:1-11
    33 | D:1      | Reached skill level 2 in Axes
    42 | D:1      | 42 ||| Stepping ~*~*~tactically~*~*~ (stealth).
    44 | D:1      | 44 ||| Stepping ~*~*~tactically~*~*~ (stealth).
   146 | D:1      | Reached XP level 2. HP: 19/19 MP: 2/2
   554 | D:1      | Reached skill level 3 in Axes
   824 | D:1      | Reached XP level 3. HP: 23/23 MP: 3/3
  1067 | D:1      | 1067 ||| READING scroll labelled WOROAT KYTH.
  1410 | D:2      | 1410 ||| DROPPING +0 club.
  1438 | D:2      | Reached XP level 4. HP: 24/28 MP: 4/4
  1477 | D:2      | 1477 ||| Stepping ~*~*~tactically~*~*~ (stealth).
  1504 | D:2      | 1504 ||| Stepping ~*~*~tactically~*~*~ (stealth).
  1703 | D:2      | Found a burning altar of Makhleb.
  1750 | D:2      | Identified the +5 hand axe "Ramuececra" {flame, rC++ Will+
                  | MP+9 Dex-2}
  1752 | D:2      | 1752 ||| SWAPPING to +5 hand axe "Ramuececra" {flame, rC++
                  | Will+ MP+9 Dex-2}.
  1753 | D:2      | 1753 ||| DROPPING +0 whip.
  2035 | D:2      | Reached skill level 4 in Axes
  2177 | D:2      | 2177 ||| UPGRADING to amulet of regeneration.
  2182 | D:2      | 2182 ||| UPGRADING to +6 ring of dexterity.
  2183 | D:2      | 2183 ||| DROPPING +6 ring of intelligence.
  2184 | D:2      | 2184 ||| READING scroll labelled AZUDYT CUOZOXOA.
  2185 | D:2      | 2185 ||| READING scroll labelled ZUSTRAKL WIORCHI.
  2186 | D:2      | 2186 ||| READING scroll labelled SOH UVUAPLOMPAY.
  2187 | D:2      | 2187 ||| READING scroll labelled EROKUF LUIRPH.
  2188 | D:2      | 2188 ||| DRINKING 2 orange potions.
  2289 | D:2      | 2289 ||| DROPPING potion of ambrosia.
  2375 | D:3      | 2375 ||| Stepping ~*~*~tactically~*~*~ (stealth).
  2408 | D:3      | 2408 ||| Stepping ~*~*~tactically~*~*~ (stealth).
  2410 | D:3      | 2410 ||| Stepping ~*~*~tactically~*~*~ (stealth).
  2419 | D:3      | Reached skill level 1 in Dodging
  2557 | D:3      | 2557 ||| UPGRADING to +0 plate armour.
  2565 | D:3      | 2565 ||| UPGRADING to +0 scale mail.
  2570 | D:3      | 2570 ||| UPGRADING to +0 plate armour.
  2580 | D:3      | 2580 ||| DROPPING +0 scale mail.
  2586 | D:3      | Identified the +1 leather armour "Poridgh" {Fly rPois rCorr
                  | Dex-3}
  2647 | D:3      | Found a faded altar of an unknown god.
  2784 | D:3      | 2784 ||| UPGRADING to ring of fire.
  2785 | D:3      | 2785 ||| DROPPING ring of wizardry.
  2786 | D:3      | 2786 ||| READING scroll labelled JAOKLIL MAEMU.
  2787 | D:3      | 2787 ||| READING scroll labelled NIALAQ NIVA.
  2788 | D:3      | 2788 ||| READING scroll labelled ZOMMEO LICRO.
  2789 | D:3      | 2789 ||| DRINKING 2 grey potions.
  2790 | D:3      | 2790 ||| DROPPING potion of degeneration.
  2808 | D:4      | 2808 ||| STAIRDANCE
  2819 | D:4      | Reached XP level 5. HP: 31/32 MP: 5/5
  2856 | D:4      | 2856 ||| Stepping ~*~*~tactically~*~*~ (hiding).
  2857 | D:4      | 2857 ||| Stepping ~*~*~tactically~*~*~ (hiding).
  2892 | D:4      | Found a glowing silver altar of Zin.
  2969 | D:4      | 2969 ||| Stepping ~*~*~tactically~*~*~ (stealth).
  2984 | D:4      | Reached skill level 5 in Axes
  3063 | D:4      | Noticed a sky beast
  3071 | D:4      | Killed a sky beast
  3072 | D:4      | Reached XP level 6. HP: 37/39 MP: 6/6
  3079 | D:4      | 3079 ||| Stepping ~*~*~tactically~*~*~ (stealth).
  3080 | D:4      | 3080 ||| Stepping ~*~*~tactically~*~*~ (hiding).
  3365 | D:4      | 3365 ||| Stepping ~*~*~tactically~*~*~ (stealth).
  3441 | D:4      | 3441 ||| Stepping ~*~*~tactically~*~*~ (stealth).
  3661 | D:4      | Found a radiant altar of Vehumet.
  3663 | D:4      | Found a sacrificial altar of Ru.
  3664 | D:4      | Found a blossoming altar of Fedhas.
  3665 | D:4      | Found a snail-covered altar of Cheibriados.
  3666 | D:4      | 3666 ||| UPGRADING to +6 ring of strength.
  3668 | D:4      | 3668 ||| UPGRADING to +6 ring of dexterity.
  3670 | D:4      | 3670 ||| READING scroll labelled PAKIFF BEOCU.
  3673 | D:4      | 3673 ||| DRINKING 2 murky sapphire potions.
  3674 | D:4      | 3674 ||| DRINKING 2 clear potions.
  3674 | D:4      | Gained mutation: You expend magic power (3 MP) to
                  | strengthen your wands. [potion of mutation]
  3674 | D:4      | Gained mutation: You are partially covered in large bone
                  | plates. (SH +4) [potion of mutation]
  3675 | D:4      | 3675 ||| DROPPING scroll of summoning.
  3701 | D:5      | Entered Level 5 of the Dungeon
  3909 | D:5      | Reached skill level 6 in Axes
  3909 | D:5      | Reached XP level 7. HP: 44/44 MP: 7/7
  4003 | D:5      | 4003 ||| Stepping ~*~*~tactically~*~*~ (hiding).
  4550 | D:5      | 4550 ||| UPGRADING to +0 pair of gloves.
  4555 | D:5      | 4555 ||| UPGRADING to +4 ring of protection.
  4557 | D:5      | 4557 ||| UPGRADING to +6 ring of strength.
  4559 | D:5      | 4559 ||| DROPPING +6 ring of dexterity.
  4560 | D:5      | 4560 ||| DRINKING 2 fuming amethyst potions.
  4561 | D:5      | 4561 ||| READING 2 scrolls of identify.
  4561 | D:5      | 4561 ||| IDENTIFYING viscous cyan potion
  4663 | D:6      | 4663 ||| Stepping ~*~*~tactically~*~*~ (stealth).
  4664 | D:6      | 4664 ||| SWAPPING to +0 broad axe.
  4665 | D:6      | 4665 ||| DROPPING +0 war axe.
  4669 | D:6      | 4669 ||| Stepping ~*~*~tactically~*~*~ (stealth).
  4674 | D:6      | 4674 ||| Stepping ~*~*~tactically~*~*~ (stealth).
  4710 | D:6      | Noticed a steam dragon
  4779 | D:6      | 4779 ||| Stepping ~*~*~tactically~*~*~ (hiding).
  4781 | D:6      | 4781 ||| Stepping ~*~*~tactically~*~*~ (hiding).
  4794 | D:6      | Killed a steam dragon
  4795 | D:6      | Reached skill level 7 in Axes
  4806 | D:6      | Found Dioll's Magic Scroll Shoppe.
  4816 | D:6      | 4816 ||| BUYING scroll of enchant armour (75 gold).
  4816 | D:6      | Bought a scroll of enchant armour for 75 gold pieces
  4816 | D:6      | 4816 ||| BUYING scroll of enchant armour (75 gold).
  4816 | D:6      | Bought a scroll of enchant armour for 75 gold pieces
  4816 | D:6      | 4816 ||| BUYING scroll of enchant armour (75 gold).
  4816 | D:6      | Bought a scroll of enchant armour for 75 gold pieces
  4816 | D:6      | 4816 ||| BUYING scroll of identify (20 gold).
  4816 | D:6      | Bought a scroll of identify for 20 gold pieces
  4816 | D:6      | 4816 ||| BUYING scroll of identify (20 gold).
  4816 | D:6      | Bought a scroll of identify for 20 gold pieces
  4816 | D:6      | 4816 ||| SHOPLISTING scroll of identify (20 gold, have 0).
  4816 | D:6      | 4816 ||| READING 3 scrolls of enchant armour.
  4816 | D:6      | 4816 ||| ENCHANTING +0 pair of gloves.
  4817 | D:6      | 4817 ||| READING 2 scrolls of enchant armour.
  4817 | D:6      | 4817 ||| ENCHANTING +1 pair of gloves.
  4818 | D:6      | 4818 ||| READING scroll of enchant armour.
  4818 | D:6      | 4818 ||| ENCHANTING +0 plate armour.
  4874 | D:6      | Found a hazy altar of Hepliaklqana.
  4980 | D:6      | Reached XP level 8. HP: 40/49 MP: 8/8
  4995 | D:6      | Found a hide-covered altar of Uskayaw.
  5142 | D:6      | Reached skill level 1 in Throwing
  5144 | D:6      | Found a staircase to the Ecumenical Temple.
  5145 | D:6      | 5145 ||| PLANNING TEMPLE
  5145 | D:6      | 5145 ||| READING scroll labelled QIACET XELAR.
  5146 | D:6      | 5146 ||| READING 4 scrolls of identify.
  5146 | D:6      | 5146 ||| IDENTIFYING fizzy cyan potion
  5147 | D:6      | 5147 ||| READING 3 scrolls of identify.
  5147 | D:6      | 5147 ||| IDENTIFYING blue potion
  5148 | D:6      | 5148 ||| READING 2 scrolls of identify.
  5148 | D:6      | 5148 ||| IDENTIFYING puce potion
  5149 | D:6      | 5149 ||| DROPPING potion of berserk rage.
  5150 | D:6      | 5150 ||| DROPPING potion of flight.
  5151 | D:6      | 5151 ||| DROPPING potion of brilliance.
  5157 | Temple   | Entered the Ecumenical Temple
  5271 | Temple   | 5271 ||| PLANNING D:1-11
  5282 | Temple   | Became a worshipper of Warmaster Okawaru
  5457 | D:6      | Found an ornate altar of the Wu Jian Council.
  5481 | D:6      | Found a runed translucent door.
  5483 | D:6      | Noticed Duvomoum's ghost (novice FeTm)
  5572 | D:7      | 5572 ||| Stepping ~*~*~tactically~*~*~ (hiding).
  5693 | D:7      | 5693 ||| Stepping ~*~*~tactically~*~*~ (hiding).
  5842 | D:7      | 5842 ||| Stepping ~*~*~tactically~*~*~ (stealth).
  5892 | D:7      | Reached skill level 8 in Axes
  5932 | D:7      | Reached skill level 6 in Fighting
  5934 | D:7      | Reached * piety under Okawaru
  5935 | D:7      | 5935 ||| INVOKING Heroism.
  5937 | D:7      | Reached skill level 1 in Invocations
  6025 | D:7      | Noticed a hornet
  6032 | D:7      | 6032 ||| INVOKING Heroism.
  6038 | D:7      | Killed a hornet
  6039 | D:7      | Reached XP level 9. HP: 25/55 MP: 6/11
  6156 | D:7      | Identified the +11 sling of the Ancient Nights {venom,
                  | Fragile Will+ Stlth+}
  6191 | D:7      | 6191 ||| INVOKING Heroism.
  6194 | D:7      | 6194 ||| Stepping ~*~*~tactically~*~*~ (stealth).
  6203 | D:7      | Reached skill level 3 in Invocations
  6420 | D:7      | 6420 ||| READING scroll labelled AMUNKAARIE.
  6420 | D:7      | Identified a scroll of acquirement
  6420 | D:7      | 6420 ||| ACQUIRING 1025 gold pieces
  6420 | D:7      | Acquired 1025 gold pieces
  6483 | D:8      | Found Amokk's Fire Supplies.
  6489 | D:8      | 6489 ||| BUYING ring of protection from fire (275 gold).
  6489 | D:8      | Bought a ring of protection from fire for 275 gold pieces
  6504 | D:8      | Reached skill level 9 in Axes
  6509 | D:8      | 6509 ||| Stepping ~*~*~tactically~*~*~ (stealth).
  6511 | D:8      | 6511 ||| Stepping ~*~*~tactically~*~*~ (stealth).
  6513 | D:8      | 6513 ||| Stepping ~*~*~tactically~*~*~ (stealth).
  6517 | D:8      | Reached ** piety under Okawaru
  6636 | D:8      | 6636 ||| INVOKING Heroism.
  6637 | D:8      | 6637 ||| Stepping ~*~*~tactically~*~*~ (hiding).
  6831 | D:8      | 6831 ||| Stepping ~*~*~tactically~*~*~ (stealth).
  6833 | D:8      | 6833 ||| Stepping ~*~*~tactically~*~*~ (stealth).
  6835 | D:8      | 6835 ||| INVOKING Heroism.
  6840 | D:8      | Reached skill level 10 in Axes
  6840 | D:8      | Reached XP level 10. HP: 63/63 MP: 10/13
  6848 | D:8      | Reached skill level 6 in Armour
  6991 | D:8      | 6991 ||| INVOKING Heroism.
  7004 | D:8      | 7004 ||| DRINKING 2 potions of curing.
  7004 | D:8      | 7004 ||| (to cure confusion)
  7008 | D:8      | 7008 ||| DRINKING potion of curing.
  7008 | D:8      | 7008 ||| (to cure confusion)
  7088 | D:8      | 7088 ||| INVOKING Heroism.
  7115 | D:8      | 7115 ||| INVOKING Heroism.
  7145 | D:8      | Found a broken altar of Ashenzari.
  7145 | D:8      | Noticed Amaemon
  7146 | D:8      | 7146 ||| INVOKING Heroism.
  7147 | D:8      | Noticed an orange demon
  7172 | D:8      | Killed Amaemon
  7172 | D:8      | Reached *** piety under Okawaru
  7173 | D:8      | Reached skill level 6 in Shields
  7181 | D:8      | Killed an orange demon
  7182 | D:8      | 7182 ||| FLEEEEING.
  7183 | D:8      | 7183 ||| FLEEEEING.
  7184 | D:8      | 7184 ||| FLEEEEING.
  7185 | D:8      | 7185 ||| FLEEEEING.
  7186 | D:8      | 7186 ||| FLEEEEING.
  7187 | D:8      | 7187 ||| FLEEEEING.
  7188 | D:8      | 7188 ||| FLEEEEING.
  7189 | D:8      | 7189 ||| FLEEEEING.
  7195 | D:8      | 7195 ||| INVOKING Heroism.
  7305 | D:8      | 7305 ||| READING scroll of enchant armour.
  7305 | D:8      | 7305 ||| ENCHANTING +1 plate armour.
  7395 | D:8      | Noticed a centaur warrior
  7396 | D:8      | Noticed a centaur warrior
  7402 | D:8      | Received a gift from Okawaru
  7409 | D:8      | Killed a centaur warrior
  7409 | D:8      | Reached **** piety under Okawaru
  7410 | D:8      | Reached skill level 11 in Axes
  7412 | D:8      | 7412 ||| INVOKING Heroism.
  7422 | D:8      | Killed a centaur warrior
  7423 | D:8      | Reached XP level 11. HP: 34/68 MP: 12/14
  7462 | D:8      | Noticed a cyclops
  7464 | D:8      | 7464 ||| DROPPING amulet of guardian spirit.
  7465 | D:8      | 7465 ||| Stepping randomly (stuck).
  7466 | D:8      | 7466 ||| INVOKING Heroism.
  7474 | D:8      | Killed a cyclops
  7601 | D:9      | 7601 ||| INVOKING Heroism.
  7602 | D:9      | 7602 ||| STAIRDANCE
  7637 | D:9      | Identified the +0 mace of Intense Guile {freeze, rPois
                  | Int+4}
  7644 | D:9      | 7644 ||| Stepping ~*~*~tactically~*~*~ (stealth).
  7645 | D:9      | 7645 ||| Stepping ~*~*~tactically~*~*~ (stealth).
  7646 | D:9      | 7646 ||| STAIRDANCE
  7652 | D:9      | 7652 ||| Stepping ~*~*~tactically~*~*~ (stealth).
  7658 | D:9      | 7658 ||| Stepping ~*~*~tactically~*~*~ (stealth).
  7660 | D:9      | 7660 ||| INVOKING Heroism.
  7790 | D:9      | Found a sparkling altar of Nemelex Xobeh.
  7845 | D:9      | 7845 ||| Stepping ~*~*~tactically~*~*~ (hiding).
  7855 | D:9      | Reached skill level 6 in Invocations
  7940 | D:9      | Found an opulent altar of Gozag.
  7981 | D:9      | Found a staircase to the Lair.
  8037 | D:9      | 8037 ||| Stepping ~*~*~tactically~*~*~ (hiding).
  8298 | D:9      | 8298 ||| INVOKING Heroism.
  8304 | D:9      | 8304 ||| STAIRDANCE
  8312 | D:8      | 8312 ||| UPGRADING to ring of see invisible.
  8316 | D:9      | 8316 ||| STAIRDANCE
  8322 | D:9      | 8322 ||| STAIRDANCE
  8406 | D:9      | 8406 ||| READING scroll of enchant armour.
  8406 | D:9      | 8406 ||| ENCHANTING +2 plate armour.
  8414 | D:9      | Found a shimmering blue altar of Sif Muna.
  8458 | D:10     | Entered Level 10 of the Dungeon
  8459 | D:10     | 8459 ||| STAIRDANCE
  8476 | D:10     | 8476 ||| INVOKING Heroism.
  8477 | D:10     | 8477 ||| STAIRDANCE
  8500 | D:10     | 8500 ||| Stepping ~*~*~tactically~*~*~ (stealth).
  8501 | D:10     | 8501 ||| Stepping ~*~*~tactically~*~*~ (stealth).
  8505 | D:10     | Reached ***** piety under Okawaru
  8519 | D:10     | 8519 ||| INVOKING Heroism.
  8545 | D:10     | 8545 ||| INVOKING Heroism.
  8565 | D:10     | Reached skill level 9 in Fighting
  8565 | D:10     | Identified the +0 ring mail of Okawaru's Inspiration {rPois
                  | rC+++ rCorr Int-5} (Okawaru gifted it to you on level 10 of
                  | the Dungeon)
  8565 | D:10     | Received a gift from Okawaru
  8581 | D:10     | 8581 ||| INVOKING Heroism.
  8638 | D:10     | 8638 ||| INVOKING Heroism.
  8641 | D:10     | 8641 ||| Stepping randomly (cloudy).
  8677 | D:10     | 8677 ||| INVOKING Heroism.
  8680 | D:10     | 8680 ||| FLEEEEING.
  8681 | D:10     | 8681 ||| FLEEEEING.
  8681 | D:10     | HP: 13/71 [orc priest/divine providence (10)]
  8682 | D:10     | 8682 ||| FLEEEEING.
  8683 | D:10     | 8683 ||| FLEEEEING.
  8684 | D:10     | 8684 ||| FLEEEEING.
  8685 | D:10     | 8685 ||| STAIRDANCE
  8687 | D:9      | 8687 ||| PLANNING LAIR
  8746 | D:9      | 8746 ||| DROPPING +1 leather armour "Poridgh" {Fly rPois
                  | rCorr Dex-3}.
  8754 | D:10     | 8754 ||| INVOKING Heroism.
  8772 | D:10     | 8772 ||| INVOKING Heroism.
  8800 | D:10     | 8800 ||| INVOKING Heroism.
  8880 | Lair:1   | Entered Level 1 of the Lair of Beasts
  8881 | Lair:1   | 8881 ||| INVOKING Heroism.
  8919 | Lair:1   | 8919 ||| INVOKING Heroism.
  9041 | Lair:1   | 9041 ||| INVOKING Heroism.
  9204 | Lair:1   | 9204 ||| INVOKING Heroism.
  9285 | Lair:1   | 9285 ||| INVOKING Heroism.
  9324 | Lair:1   | 9324 ||| INVOKING Heroism.
  9333 | Lair:1   | Reached skill level 9 in Invocations
  9384 | Lair:1   | 9384 ||| INVOKING Heroism.
  9388 | Lair:1   | Reached XP level 12. HP: 75/76 MP: 15/18
  9429 | Lair:1   | 9429 ||| INVOKING Heroism.
  9436 | Lair:1   | Reached skill level 12 in Axes
  9814 | Lair:1   | 9814 ||| READING scroll labelled MIUSAU QIGOC.
  9933 | Lair:2   | Noticed Sonja
  9934 | Lair:2   | 9934 ||| Stepping ~*~*~tactically~*~*~ (stealth).
 10046 | Lair:2   | 10046 ||| FLEEEEING.
 10047 | Lair:2   | 10047 ||| FLEEEEING.
 10048 | Lair:2   | 10048 ||| FLEEEEING.
 10074 | Lair:2   | 10074 ||| INVOKING Heroism.
 10076 | Lair:2   | 10076 ||| Stepping ~*~*~tactically~*~*~ (stealth).
 10079 | Lair:2   | 10079 ||| Stepping ~*~*~tactically~*~*~ (stealth).
 10080 | Lair:2   | 10080 ||| Stepping ~*~*~tactically~*~*~ (stealth).
 10082 | Lair:2   | 10082 ||| Stepping ~*~*~tactically~*~*~ (stealth).
 10083 | Lair:2   | 10083 ||| Stepping ~*~*~tactically~*~*~ (stealth).
 10098 | Lair:2   | 10098 ||| Stepping ~*~*~tactically~*~*~ (stealth).
 10117 | Lair:2   | 10117 ||| Stepping ~*~*~tactically~*~*~ (stealth).
 10122 | Lair:2   | 10122 ||| Stepping ~*~*~tactically~*~*~ (stealth).
 10125 | Lair:2   | 10125 ||| Stepping ~*~*~tactically~*~*~ (stealth).
 10126 | Lair:2   | 10126 ||| Stepping ~*~*~tactically~*~*~ (stealth).
 10132 | Lair:2   | 10132 ||| Stepping ~*~*~tactically~*~*~ (stealth).
 10140 | Lair:2   | 10140 ||| INVOKING Heroism.
 10151 | Lair:2   | Killed Sonja
 10158 | Lair:2   | Received a gift from Okawaru
 10290 | Lair:2   | 10290 ||| INVOKING Heroism.
 10356 | Lair:2   | 10356 ||| INVOKING Heroism.
 10397 | Lair:2   | 10397 ||| Stepping ~*~*~tactically~*~*~ (hiding).
 10618 | Lair:2   | Reached skill level 13 in Axes
 10621 | Lair:2   | Found a staircase to the Shoals.
 10862 | Lair:2   | 10862 ||| DRINKING 2 inky potions.
 10894 | Lair:3   | Received a gift from Okawaru
 10905 | Lair:3   | 10905 ||| INVOKING Heroism.
 10946 | Lair:3   | Noticed a five-headed hydra
 10947 | Lair:3   | 10947 ||| INVOKING Heroism.
 10948 | Lair:3   | 10948 ||| INVOKING Finesse.
 10950 | Lair:3   | 10950 ||| SWAPPING to +5 hand axe "Ramuececra" {flame, rC++
                  | Will+ MP+9 Dex-2}.
 10958 | Lair:3   | Killed a one-headed hydra
 10959 | Lair:3   | Reached skill level 9 in Armour
 10959 | Lair:3   | 10959 ||| SWAPPING to +0 vampiric broad axe.
 11004 | Lair:3   | Noticed Snorg
 11005 | Lair:3   | 11005 ||| INVOKING Heroism.
 11017 | Lair:3   | 11017 ||| INVOKING Finesse.
 11027 | Lair:3   | Killed Snorg
 11113 | Lair:3   | Noticed Gastronok
 11114 | Lair:3   | 11114 ||| INVOKING Heroism.
 11131 | Lair:3   | Killed Gastronok
 11132 | Lair:3   | Reached XP level 13. HP: 82/82 MP: 20/20
 11147 | Lair:3   | 11147 ||| INVOKING Finesse.
 11150 | Lair:3   | 11150 ||| SWAPPING to +5 hand axe "Ramuececra" {flame, rC++
                  | Will+ MP+9 Dex-2}.
 11161 | Lair:3   | 11161 ||| SWAPPING to +0 vampiric broad axe.
 11261 | Lair:3   | Noticed Deesahac's ghost (journeyman BaFi)
 11267 | Lair:3   | Found a transporter.
 11272 | Lair:3   | Found a bloodstained altar of Trog.
 11294 | Lair:3   | 11294 ||| INVOKING Heroism.
 11296 | Lair:3   | Reached skill level 14 in Axes
 11299 | Lair:3   | Identified the +1 hat of a wizard's laboratory {Regen+
                  | Str+2 Int+8 Dex-4} (Okawaru gifted it to you on level 3 of
                  | the Lair of Beasts)
 11299 | Lair:3   | Received a gift from Okawaru
 11355 | Lair:3   | 11355 ||| Stepping ~*~*~tactically~*~*~ (stealth).
 11358 | Lair:3   | 11358 ||| INVOKING Heroism.
 11475 | Lair:3   | Found a transporter.
 11504 | Lair:3   | Found a hole to the Spider Nest.
 11596 | Lair:3   | 11596 ||| INVOKING Heroism.
 11597 | Lair:3   | 11597 ||| SWAPPING to +5 hand axe "Ramuececra" {flame, rC++
                  | Will+ MP+9 Dex-2}.
 11605 | Lair:3   | 11605 ||| SWAPPING to +0 vampiric broad axe.
 11821 | Lair:3   | 11821 ||| INVOKING Heroism.
 11822 | Lair:3   | 11822 ||| SWAPPING to +5 hand axe "Ramuececra" {flame, rC++
                  | Will+ MP+9 Dex-2}.
 11827 | Lair:3   | 11827 ||| SWAPPING to +0 vampiric broad axe.
 11953 | Lair:3   | 11953 ||| INVOKING Heroism.
 12015 | Lair:3   | 12015 ||| INVOKING Heroism.
 12303 | Lair:3   | 12303 ||| UPGRADING to +1 hat of a wizard's laboratory
                  | {Regen+ Str+2 Int+8 Dex-4}.
 12308 | Lair:3   | 12308 ||| READING 3 scrolls of identify.
 12308 | Lair:3   | 12308 ||| IDENTIFYING sapphire potion
 12331 | Lair:4   | 12331 ||| INVOKING Heroism.
 12408 | Lair:4   | 12408 ||| INVOKING Heroism.
 12459 | Lair:4   | 12459 ||| INVOKING Heroism.
 12512 | Lair:4   | 12512 ||| Stepping ~*~*~tactically~*~*~ (stealth).
 12608 | Lair:4   | 12608 ||| INVOKING Heroism.
 12632 | Lair:4   | 12632 ||| Stepping ~*~*~tactically~*~*~ (stealth).
 12662 | Lair:4   | Found a staircase to the Slime Pits.
 12716 | Lair:4   | 12716 ||| INVOKING Heroism.
 12795 | Lair:4   | Noticed Fiha's ghost (journeyman VSTm)
 12824 | Lair:4   | Found a runed translucent gate.
 12824 | Lair:4   | Found a runed translucent gate.
 12825 | Lair:4   | Found a runed translucent gate.
 13116 | Lair:4   | 13116 ||| INVOKING Heroism.
 13216 | Lair:4   | 13216 ||| READING scroll labelled MUGITI DYTE.
 13226 | Lair:4   | 13226 ||| READING scroll labelled DOISAE DEORHAS.
 13255 | Lair:5   | Entered Level 5 of the Lair of Beasts
 13258 | Lair:5   | 13258 ||| STAIRDANCE
 13344 | Lair:5   | 13344 ||| FLEEEEING.
 13345 | Lair:5   | 13345 ||| FLEEEEING.
 13346 | Lair:5   | 13346 ||| FLEEEEING.
 13347 | Lair:5   | 13347 ||| FLEEEEING.
 13351 | Lair:5   | 13351 ||| INVOKING Heroism.
 13353 | Lair:5   | Reached skill level 15 in Axes
 13367 | Lair:5   | 13367 ||| INVOKING Finesse.
 13372 | Lair:5   | Identified the +0 ring mail of the Beginning {Str+2 Int+5
                  | Dex-5} (Okawaru gifted it to you on level 5 of the Lair of
                  | Beasts)
 13372 | Lair:5   | Received a gift from Okawaru
 13376 | Lair:5   | 13376 ||| SWAPPING to +5 hand axe "Ramuececra" {flame, rC++
                  | Will+ MP+9 Dex-2}.
 13388 | Lair:5   | Gained mutation: Your large and strong wings let you fly.
                  | [Gargoyle growth]
 13388 | Lair:5   | Reached XP level 14. HP: 43/91 MP: 16/21
 13391 | Lair:5   | HP: 22/91 [two-headed hydra (11)]
 13392 | Lair:5   | 13392 ||| READING 4 scrolls of teleportation.
 13392 | Lair:5   | HP: 9/91 [blink frog (6)]
 13393 | Lair:5   | 13393 ||| DRINKING potion of heal wounds.
 13396 | Lair:5   | Reached skill level 12 in Fighting
 13398 | Lair:5   | 13398 ||| SWAPPING to +0 vampiric broad axe.
 13418 | Lair:5   | 13418 ||| INVOKING Heroism.
 13468 | Lair:5   | Reached skill level 16 in Axes
 13472 | Lair:5   | Reached ****** piety under Okawaru
 13487 | Lair:5   | Identified the +3 ring mail of Nas Amish {rPois Stlth+}
                  | (Okawaru gifted it to you on level 5 of the Lair of Beasts)
 13487 | Lair:5   | Received a gift from Okawaru
 13490 | Lair:5   | 13490 ||| Stepping ~*~*~tactically~*~*~ (stealth).
 13519 | Lair:5   | 13519 ||| INVOKING Heroism.
 13520 | Lair:5   | 13520 ||| INVOKING Finesse.
 13523 | Lair:5   | 13523 ||| SWAPPING to +5 hand axe "Ramuececra" {flame, rC++
                  | Will+ MP+9 Dex-2}.
 13526 | Lair:5   | 13526 ||| SWAPPING to +0 vampiric broad axe.
 13658 | Lair:5   | 13658 ||| INVOKING Heroism.
 13659 | Lair:5   | 13659 ||| INVOKING Finesse.
 13661 | Lair:5   | Identified the +8 mace of Patience {speed, rF- Int+4 Dex+3
                  | SInv}
 13724 | Lair:5   | 13724 ||| Stepping ~*~*~tactically~*~*~ (stealth).
 13743 | Lair:5   | 13743 ||| Stepping ~*~*~tactically~*~*~ (stealth).
 13749 | Lair:5   | 13749 ||| FLEEEEING.
 13750 | Lair:5   | 13750 ||| FLEEEEING.
 13751 | Lair:5   | 13751 ||| FLEEEEING.
 13752 | Lair:5   | 13752 ||| FLEEEEING.
 13753 | Lair:5   | 13753 ||| FLEEEEING.
 13754 | Lair:5   | 13754 ||| FLEEEEING.
 13755 | Lair:5   | 13755 ||| FLEEEEING.
 13756 | Lair:5   | 13756 ||| FLEEEEING.
 13757 | Lair:5   | 13757 ||| FLEEEEING.
 13758 | Lair:5   | 13758 ||| FLEEEEING.
 13759 | Lair:5   | 13759 ||| FLEEEEING.
 13760 | Lair:5   | 13760 ||| FLEEEEING.
 13819 | Lair:5   | 13819 ||| Stepping ~*~*~tactically~*~*~ (stealth).
 13821 | Lair:5   | 13821 ||| Stepping ~*~*~tactically~*~*~ (hiding).
 13962 | Lair:5   | Found a blossoming altar of Fedhas.
 14038 | Lair:5   | 14038 ||| INVOKING Heroism.
 14039 | Lair:5   | 14039 ||| INVOKING Finesse.
 14057 | Lair:5   | 14057 ||| Stepping ~*~*~tactically~*~*~ (cloud).
 14094 | Lair:5   | Identified the +7 lajatang of the Imbibing Gods {vorpal,
                  | Dex+3}
 14097 | Lair:5   | Identified the +7 mace of Eternal Night {holy, Str-5 Int+6}
 14309 | Lair:5   | 14309 ||| Stepping ~*~*~tactically~*~*~ (stealth).
 14327 | Lair:5   | 14327 ||| INVOKING Heroism.
 14328 | Lair:5   | 14328 ||| INVOKING Finesse.
 14413 | Lair:5   | 14413 ||| PLANNING D:1-11
 14413 | Lair:5   | 14413 ||| UPGRADING to +0 kite shield of cold resistance.
 14423 | Lair:5   | 14423 ||| DROPPING +0 buckler.
 14562 | D:10     | Noticed Nergalle
 14564 | D:10     | 14564 ||| INVOKING Heroism.
 14579 | D:10     | Killed Nergalle
 14606 | D:10     | Noticed Erolcha
 14607 | D:10     | 14607 ||| Stepping ~*~*~tactically~*~*~ (hiding).
 14608 | D:10     | 14608 ||| Stepping ~*~*~tactically~*~*~ (hiding).
 14610 | D:10     | 14610 ||| INVOKING Heroism.
 14611 | D:10     | 14611 ||| INVOKING Finesse.
 14627 | D:10     | Killed Erolcha
 14755 | D:10     | Found a glowing golden altar of the Shining One.
 14868 | D:10     | 14868 ||| Stepping ~*~*~tactically~*~*~ (stealth).
 14869 | D:10     | 14869 ||| Stepping ~*~*~tactically~*~*~ (stealth).
 14965 | D:10     | Found a staircase to the Orcish Mines.
 14966 | D:10     | 14966 ||| FLEEEEING.
 14991 | D:10     | 14991 ||| UPGRADING to +0 pair of boots.
 14996 | D:10     | 14996 ||| READING 3 scrolls of identify.
 14996 | D:10     | 14996 ||| IDENTIFYING cyan potion
 15048 | D:11     | 15048 ||| INVOKING Heroism.
 15049 | D:11     | 15049 ||| INVOKING Finesse.
 15056 | D:11     | Reached skill level 9 in Shields
 15125 | D:11     | Found Wurira's Antique Weapon Shop.
 15269 | D:11     | 15269 ||| INVOKING Heroism.
 15270 | D:11     | 15270 ||| INVOKING Finesse.
 15694 | D:11     | 15694 ||| Stepping ~*~*~tactically~*~*~ (stealth).
 15704 | D:11     | 15704 ||| Stepping ~*~*~tactically~*~*~ (stealth).
 15705 | D:11     | 15705 ||| Stepping ~*~*~tactically~*~*~ (stealth).
 15706 | D:11     | 15706 ||| Stepping ~*~*~tactically~*~*~ (stealth).
 15827 | D:11     | 15827 ||| DRINKING 3 potions of curing.
 15827 | D:11     | 15827 ||| (to cure confusion)
 15996 | D:11     | 15996 ||| PLANNING D
 16048 | D:12     | Noticed Kirke
 16049 | D:12     | 16049 ||| INVOKING Heroism.
 16074 | D:12     | Killed Kirke
 16075 | D:12     | Reached XP level 15. HP: 96/96 MP: 22/22
 16076 | D:12     | 16076 ||| Stepping ~*~*~tactically~*~*~ (stealth).
 16196 | D:12     | 16196 ||| Stepping ~*~*~tactically~*~*~ (hiding).
 16197 | D:12     | 16197 ||| Stepping ~*~*~tactically~*~*~ (stealth).
 16200 | D:12     | 16200 ||| INVOKING Heroism.
 16242 | D:12     | 16242 ||| INVOKING Heroism.
 16326 | D:12     | 16326 ||| Stepping ~*~*~tactically~*~*~ (stealth).
 16327 | D:12     | 16327 ||| Stepping ~*~*~tactically~*~*~ (stealth).
 16333 | D:12     | 16333 ||| INVOKING Heroism.
 16458 | D:12     | 16458 ||| INVOKING Heroism.
 16468 | D:12     | 16468 ||| READING 7 scrolls of teleportation.
 16541 | D:12     | 16541 ||| INVOKING Heroism.
 16674 | D:12     | 16674 ||| INVOKING Heroism.
 16685 | D:12     | Reached skill level 12 in Shields
 16744 | D:12     | 16744 ||| Stepping ~*~*~tactically~*~*~ (hiding).
 16745 | D:12     | 16745 ||| Stepping ~*~*~tactically~*~*~ (hiding).
 16753 | D:12     | 16753 ||| Stepping ~*~*~tactically~*~*~ (stealth).
 16760 | D:12     | Noticed Azrael
 16761 | D:12     | 16761 ||| INVOKING Heroism.
 16772 | D:12     | Killed Azrael
 16919 | D:12     | 16919 ||| Stepping ~*~*~tactically~*~*~ (stealth).
 16922 | D:12     | 16922 ||| INVOKING Heroism.
 17193 | D:13     | 17193 ||| INVOKING Heroism.
 17202 | D:13     | Received a gift from Okawaru
 17273 | D:13     | Found a frozen archway.
 17300 | D:13     | 17300 ||| FLEEEEING.
 17301 | D:13     | 17301 ||| FLEEEEING.
 17309 | D:13     | 17309 ||| FLEEEEING.
 17311 | D:13     | Found a transporter.
 17320 | D:13     | 17320 ||| FLEEEEING.
 17320 | D:13     | Noticed Xeymp's ghost (journeyman SpEn)
 17321 | D:13     | 17321 ||| FLEEEEING.
 17322 | D:13     | 17322 ||| FLEEEEING.
 17359 | D:13     | Found a transporter.
 17366 | D:13     | 17366 ||| INVOKING Heroism.
 17672 | D:13     | 17672 ||| Stepping ~*~*~tactically~*~*~ (stealth).
 17822 | D:14     | Received a gift from Okawaru
 18002 | D:14     | Found an ornate altar of the Wu Jian Council.
 18097 | D:14     | 18097 ||| INVOKING Heroism.
 18175 | D:14     | Found a gate to the Vaults.
 18593 | D:15     | Entered Level 15 of the Dungeon
 18594 | D:15     | 18594 ||| PLANNING GAUNTLET
 18613 | D:15     | 18613 ||| Stepping ~*~*~tactically~*~*~ (hiding).
 18615 | D:15     | 18615 ||| INVOKING Heroism.
 18659 | D:15     | 18659 ||| Stepping ~*~*~tactically~*~*~ (hiding).
 18660 | D:15     | 18660 ||| Stepping ~*~*~tactically~*~*~ (hiding).
 18661 | D:15     | 18661 ||| Stepping ~*~*~tactically~*~*~ (hiding).
 18667 | D:15     | 18667 ||| INVOKING Heroism.
 18672 | D:15     | 18672 ||| Stepping ~*~*~tactically~*~*~ (hiding).
 18677 | D:15     | 18677 ||| READING 7 scrolls of teleportation.
 18689 | D:15     | Reached skill level 17 in Axes
 18701 | D:15     | Found a gate leading to a gauntlet.
 18708 | Gauntlet | Entered a Gauntlet
 18708 | Gauntlet | Found a transporter.
 18708 | Gauntlet | Found a transporter.
 18708 | Gauntlet | Found a transporter.
 18720 | Gauntlet | Found a transporter.
 18723 | Gauntlet | Found a transporter.
 18731 | Gauntlet | Found a transporter.
 18734 | Gauntlet | Found a transporter.
 18742 | Gauntlet | Found a transporter.
 18762 | Gauntlet | Found a transporter.
 18782 | Gauntlet | Found a transporter.
 18784 | Gauntlet | Found a transporter.
 18794 | Gauntlet | Found a transporter.
 18887 | Gauntlet | 18887 ||| Stepping ~*~*~tactically~*~*~ (hiding).
 18888 | Gauntlet | 18888 ||| INVOKING Heroism.
 18892 | Gauntlet | Received a gift from Okawaru
 18911 | Gauntlet | 18911 ||| READING scroll of enchant weapon.
 18911 | Gauntlet | 18911 ||| ENCHANTING +0 vampiric broad axe.
 18948 | Gauntlet | 18948 ||| INVOKING Heroism.
 18949 | Gauntlet | 18949 ||| SWAPPING to +5 hand axe "Ramuececra" {flame, rC++
                  | Will+ MP+9 Dex-2}.
 18955 | Gauntlet | 18955 ||| SWAPPING to +1 vampiric broad axe.
 19009 | Gauntlet | Identified the ring "Duduz" {Fly rF++ rCorr Dex-2 SInv}
 19015 | Gauntlet | 19015 ||| UPGRADING to ring "Duduz" {Fly rF++ rCorr Dex-2
                  | SInv}.
 19045 | Gauntlet | Identified the +3 great mace of Ytixt {vorpal, Fragile
                  | rF+++ rN+ Int+3}
 19045 | Gauntlet | Identified the +8 chain mail of the Quick Hart {Harm}
 19046 | Gauntlet | 19046 ||| INVOKING Heroism.
 19092 | Gauntlet | Identified the +0 chain mail of Rubolag {rF+ Will+}
 19109 | Gauntlet | 19109 ||| UPGRADING to +1 kite shield of protection.
 19119 | Gauntlet | 19119 ||| DROPPING amulet of magic regeneration.
 19120 | Gauntlet | 19120 ||| DROPPING ring of fire.
 19136 | D:15     | 19136 ||| PLANNING D
 19153 | D:15     | 19153 ||| Stepping ~*~*~tactically~*~*~ (hiding).
 19175 | D:15     | 19175 ||| READING 6 scrolls of teleportation.
 19180 | D:15     | 19180 ||| INVOKING Heroism.
 19198 | D:15     | Reached skill level 3 in Throwing
 19214 | D:15     | 19214 ||| INVOKING Finesse.
 19216 | D:15     | 19216 ||| SWAPPING to +5 hand axe "Ramuececra" {flame, rC++
                  | Will+ MP+9 Dex-2}.
 19219 | D:15     | 19219 ||| Stepping ~*~*~tactically~*~*~ (stealth).
 19224 | D:15     | 19224 ||| SWAPPING to +1 vampiric broad axe.
 19281 | D:15     | 19281 ||| Stepping ~*~*~tactically~*~*~ (stealth).
 19283 | D:15     | 19283 ||| Stepping ~*~*~tactically~*~*~ (stealth).
 19287 | D:15     | 19287 ||| Stepping ~*~*~tactically~*~*~ (stealth).
 19289 | D:15     | 19289 ||| Stepping ~*~*~tactically~*~*~ (stealth).
 19307 | D:15     | 19307 ||| Stepping ~*~*~tactically~*~*~ (hiding).
 19309 | D:15     | 19309 ||| Stepping ~*~*~tactically~*~*~ (hiding).
 19370 | D:15     | 19370 ||| Stepping ~*~*~tactically~*~*~ (stealth).
 19372 | D:15     | 19372 ||| Stepping ~*~*~tactically~*~*~ (hiding).
 19387 | D:15     | 19387 ||| INVOKING Heroism.
 19449 | D:15     | 19449 ||| Stepping ~*~*~tactically~*~*~ (stealth).
 19453 | D:15     | 19453 ||| Stepping ~*~*~tactically~*~*~ (hiding).
 19458 | D:15     | 19458 ||| INVOKING Heroism.
 19473 | D:15     | Found a staircase to the Depths.
 19474 | D:15     | 19474 ||| Stepping ~*~*~tactically~*~*~ (hiding).
 19490 | D:15     | Reached XP level 16. HP: 102/103 MP: 23/23
 19581 | D:15     | 19581 ||| INVOKING Heroism.
 19582 | D:15     | 19582 ||| INVOKING Finesse.
 19584 | D:15     | 19584 ||| SWAPPING to +5 hand axe "Ramuececra" {flame, rC++
                  | Will+ MP+9 Dex-2}.
 19587 | D:15     | 19587 ||| SWAPPING to +1 vampiric broad axe.
 19865 | D:15     | 19865 ||| Stepping ~*~*~tactically~*~*~ (hiding).
 19930 | D:15     | 19930 ||| INVOKING Heroism.
 19931 | D:15     | 19931 ||| INVOKING Finesse.
 19932 | D:15     | 19932 ||| SWAPPING to +5 hand axe "Ramuececra" {flame, rC++
                  | Will+ MP+9 Dex-2}.
 19940 | D:15     | 19940 ||| SWAPPING to +1 vampiric broad axe.
 20014 | D:15     | 20014 ||| Stepping ~*~*~tactically~*~*~ (stealth).
 20015 | D:15     | 20015 ||| READING 5 scrolls of teleportation.
 20092 | D:15     | 20092 ||| Stepping ~*~*~tactically~*~*~ (hiding).
 20099 | D:15     | 20099 ||| Stepping ~*~*~tactically~*~*~ (hiding).
 20126 | D:15     | 20126 ||| Stepping ~*~*~tactically~*~*~ (hiding).
 20478 | D:15     | 20478 ||| PLANNING ORC
 20647 | Orc:1    | Entered Level 1 of the Orcish Mines
 20647 | Orc:1    | You are sucked into a shaft and drop 1 floor!
 20647 | Orc:2    | Entered Level 2 of the Orcish Mines
 20652 | Orc:2    | 20652 ||| INVOKING Heroism.
 20655 | Orc:2    | Paralysed by an orc sorcerer for 3 turns
 20706 | Orc:1    | Found a bloodstained altar of Trog.
 20797 | Orc:1    | 20797 ||| Stepping ~*~*~tactically~*~*~ (stealth).
 20798 | Orc:1    | 20798 ||| Stepping ~*~*~tactically~*~*~ (stealth).
 20799 | Orc:1    | 20799 ||| Stepping ~*~*~tactically~*~*~ (stealth).
 20800 | Orc:1    | 20800 ||| Stepping ~*~*~tactically~*~*~ (stealth).
 20801 | Orc:1    | 20801 ||| Stepping ~*~*~tactically~*~*~ (stealth).
 20802 | Orc:1    | 20802 ||| Stepping ~*~*~tactically~*~*~ (stealth).
 20906 | Orc:1    | 20906 ||| Stepping ~*~*~tactically~*~*~ (stealth).
 20909 | Orc:1    | 20909 ||| Stepping ~*~*~tactically~*~*~ (stealth).
 20910 | Orc:1    | 20910 ||| Stepping ~*~*~tactically~*~*~ (stealth).
 20995 | Orc:1    | Found a bloodstained altar of Trog.
 21255 | Orc:2    | 21255 ||| Stepping ~*~*~tactically~*~*~ (hiding).
 21256 | Orc:2    | 21256 ||| Stepping ~*~*~tactically~*~*~ (hiding).
 21442 | Orc:2    | Noticed Josephine
 21443 | Orc:2    | 21443 ||| Stepping ~*~*~tactically~*~*~ (stealth).
 21445 | Orc:2    | 21445 ||| Stepping ~*~*~tactically~*~*~ (hiding).
 21446 | Orc:2    | 21446 ||| Stepping ~*~*~tactically~*~*~ (hiding).
 21449 | Orc:2    | 21449 ||| INVOKING Heroism.
 21459 | Orc:2    | Killed Josephine
 21478 | Orc:2    | 21478 ||| Stepping ~*~*~tactically~*~*~ (hiding).
 21508 | Orc:2    | Reached skill level 6 in Throwing
 21542 | Orc:2    | 21542 ||| INVOKING Heroism.
 21545 | Orc:2    | 21545 ||| DRINKING 6 potions of curing.
 21545 | Orc:2    | 21545 ||| (to cure confusion)
 21579 | Orc:2    | 21579 ||| Stepping ~*~*~tactically~*~*~ (hiding).
 21580 | Orc:2    | 21580 ||| Stepping ~*~*~tactically~*~*~ (hiding).
 21582 | Orc:2    | 21582 ||| Stepping ~*~*~tactically~*~*~ (hiding).
 21647 | Orc:2    | 21647 ||| FLEEEEING.
 21651 | Orc:2    | Noticed Nessos
 21652 | Orc:2    | 21652 ||| INVOKING Heroism.
 21653 | Orc:2    | Received a gift from Okawaru
 21673 | Orc:2    | 21673 ||| INVOKING Heroism.
 21687 | Orc:2    | 21687 ||| DRINKING 5 potions of curing.
 21687 | Orc:2    | 21687 ||| (to cure confusion)
 21699 | Orc:2    | Killed Nessos
 21784 | Orc:2    | Found Petrac's Book Shop.
 21810 | Orc:2    | Found Neapluib's Assorted Antiques.
 21815 | Orc:2    | 21815 ||| BUYING potion of heal wounds (130 gold).
 21815 | Orc:2    | Bought a potion of heal wounds for 130 gold pieces
 21815 | Orc:2    | 21815 ||| BUYING potion of mutation (208 gold).
 21815 | Orc:2    | Bought a potion of mutation for 208 gold pieces
 21815 | Orc:2    | 21815 ||| BUYING scroll labelled FAR DATUROXU (26 gold).
 21815 | Orc:2    | Bought a scroll labelled FAR DATUROXU for 26 gold pieces
 21815 | Orc:2    | 21815 ||| BUYING scroll of identify (52 gold).
 21815 | Orc:2    | Bought a scroll of identify for 52 gold pieces
 21867 | Orc:2    | 21867 ||| INVOKING Heroism.
 21874 | Orc:2    | 21874 ||| Stepping ~*~*~tactically~*~*~ (stealth).
 21897 | Orc:2    | 21897 ||| Stepping ~*~*~tactically~*~*~ (hiding).
 21898 | Orc:2    | 21898 ||| Stepping ~*~*~tactically~*~*~ (hiding).
 21902 | Orc:2    | 21902 ||| INVOKING Heroism.
 21906 | Orc:2    | 21906 ||| Stepping ~*~*~tactically~*~*~ (hiding).
 21907 | Orc:2    | 21907 ||| Stepping ~*~*~tactically~*~*~ (hiding).
 21908 | Orc:2    | 21908 ||| Stepping ~*~*~tactically~*~*~ (hiding).
 21909 | Orc:2    | 21909 ||| Stepping ~*~*~tactically~*~*~ (hiding).
 21941 | Orc:2    | Reached skill level 12 in Armour
 21968 | Orc:2    | 21968 ||| INVOKING Heroism.
 21998 | Orc:2    | Found Catavame's Antique Weapon Shop.
 22000 | Orc:2    | Found Lacs's Antique Armour Boutique.
 22013 | Orc:2    | 22013 ||| BUYING pair of spiked gloves (228 gold).
 22013 | Orc:2    | Bought a pair of spiked gloves for 228 gold pieces
 22013 | Orc:2    | Identified the +2 pair of gloves of Luitapn {+Inv} (You
                  | bought it in a shop on level 2 of the Orcish Mines)
 22013 | Orc:2    | 22013 ||| BUYING shiny plate armour (624 gold).
 22013 | Orc:2    | Bought a shiny plate armour for 624 gold pieces
 22013 | Orc:2    | 22013 ||| BUYING slimy plate armour (672 gold).
 22013 | Orc:2    | Bought a slimy plate armour for 672 gold pieces
 22013 | Orc:2    | Identified the +0 plate armour of the Flute {rC- MP+9 Str+4
                  | Stlth+} (You bought it in a shop on level 2 of the Orcish
                  | Mines)
 22099 | Orc:2    | Found a staircase to the Elven Halls.
 22149 | Orc:2    | 22149 ||| INVOKING Heroism.
 22259 | Orc:2    | 22259 ||| PLANNING SHOALS:1-3
 22259 | Orc:2    | 22259 ||| DROPPING +8 chain mail of the Quick Hart {Harm}.
 22260 | Orc:2    | 22260 ||| DROPPING +0 chain mail of Rubolag {rF+ Will+}.
 22261 | Orc:2    | 22261 ||| DROPPING +2 pair of gloves of Luitapn {+Inv}.
 22262 | Orc:2    | 22262 ||| UPGRADING to +4 plate armour of fire resistance.
 22272 | Orc:2    | 22272 ||| DROPPING +3 plate armour.
 22273 | Orc:2    | 22273 ||| DROPPING +0 plate armour of the Flute {rC- MP+9
                  | Str+4 Stlth+}.
 22274 | Orc:2    | 22274 ||| READING scroll labelled FAR DATUROXU.
 22522 | Shoals:1 | Entered Level 1 of the Shoals
 22535 | Shoals:1 | Received a gift from Okawaru
 22551 | Shoals:1 | 22551 ||| INVOKING Heroism.
 22652 | Shoals:1 | 22652 ||| Stepping ~*~*~tactically~*~*~ (hiding).
 22654 | Shoals:1 | 22654 ||| Stepping ~*~*~tactically~*~*~ (hiding).
 22656 | Shoals:1 | 22656 ||| Stepping ~*~*~tactically~*~*~ (hiding).
 22659 | Shoals:1 | 22659 ||| INVOKING Heroism.
 22754 | Shoals:1 | 22754 ||| INVOKING Heroism.
 22803 | Shoals:1 | 22803 ||| INVOKING Heroism.
 22812 | Shoals:1 | Received a gift from Okawaru
 22825 | Shoals:1 | 22825 ||| Stepping ~*~*~tactically~*~*~ (hiding).
 22826 | Shoals:1 | 22826 ||| Stepping ~*~*~tactically~*~*~ (hiding).
 22827 | Shoals:1 | 22827 ||| Stepping ~*~*~tactically~*~*~ (hiding).
 22828 | Shoals:1 | 22828 ||| INVOKING Heroism.
 22994 | Shoals:1 | 22994 ||| READING scroll of enchant armour.
 22994 | Shoals:1 | 22994 ||| ENCHANTING +4 plate armour of fire resistance.
 23183 | Shoals:1 | Noticed a kraken
 23192 | Shoals:1 | 23192 ||| INVOKING Heroism.
 23202 | Shoals:1 | Killed a kraken
 23418 | Shoals:2 | 23418 ||| Stepping ~*~*~tactically~*~*~ (hiding).
 23617 | Shoals:2 | 23617 ||| INVOKING Heroism.
 23652 | Shoals:2 | 23652 ||| INVOKING Finesse.
 23678 | Shoals:2 | Reached skill level 18 in Axes
 23876 | Shoals:2 | 23876 ||| INVOKING Heroism.
 23883 | Shoals:2 | Received a gift from Okawaru
 23985 | Shoals:2 | 23985 ||| INVOKING Heroism.
 23986 | Shoals:2 | 23986 ||| INVOKING Finesse.
 24073 | Shoals:2 | Received a gift from Okawaru
 24300 | Shoals:2 | Reached XP level 17. HP: 110/110 MP: 24/24
 24449 | Shoals:3 | Found a runed translucent gate.
 24462 | Shoals:3 | Found a runed translucent gate.
 24463 | Shoals:3 | Found a runed translucent gate.
 24486 | Shoals:3 | Noticed Louise
 24520 | Shoals:3 | Killed Louise
 24547 | Shoals:3 | 24547 ||| INVOKING Heroism.
 24548 | Shoals:3 | 24548 ||| INVOKING Finesse.
 24613 | Shoals:3 | 24613 ||| INVOKING Heroism.
 24619 | Shoals:3 | Identified the +1 kite shield of Rikar {Drain rF+++ rCorr
                  | Slay-4} (Okawaru gifted it to you on level 3 of the Shoals)
 24619 | Shoals:3 | Received a gift from Okawaru
 24728 | Shoals:3 | 24728 ||| INVOKING Heroism.
 24729 | Shoals:3 | 24729 ||| INVOKING Finesse.
 24730 | Shoals:3 | 24730 ||| INVOKING Finesse.
 24823 | Shoals:3 | 24823 ||| Stepping ~*~*~tactically~*~*~ (hiding).
 24932 | Shoals:3 | Identified the +12 war axe "Ammahoecvo" {vorpal, Str+4
                  | SInv}
 24962 | Shoals:3 | 24962 ||| INVOKING Heroism.
 24980 | Shoals:3 | 24980 ||| INVOKING Finesse.
 25345 | Shoals:3 | 25345 ||| PLANNING SPIDER:1-3
 25345 | Shoals:3 | 25345 ||| DROPPING +0 kite shield of cold resistance.
 25346 | Shoals:3 | 25346 ||| UPGRADING to +0 tower shield.
 25356 | Shoals:3 | 25356 ||| DROPPING +1 kite shield of protection.
 25441 | Spider:1 | Entered Level 1 of the Spider Nest
 25665 | Spider:1 | 25665 ||| Stepping ~*~*~tactically~*~*~ (stealth).
 25667 | Spider:1 | 25667 ||| Stepping ~*~*~tactically~*~*~ (hiding).
 25758 | Spider:1 | 25758 ||| Stepping ~*~*~tactically~*~*~ (stealth).
 25759 | Spider:1 | 25759 ||| INVOKING Heroism.
 25806 | Spider:1 | 25806 ||| INVOKING Heroism.
 25837 | Spider:1 | 25837 ||| INVOKING Finesse.
 25881 | Spider:1 | 25881 ||| INVOKING Heroism.
 25906 | Spider:1 | Reached skill level 15 in Shields
 25955 | Spider:1 | 25955 ||| INVOKING Heroism.
 26262 | Spider:2 | 26262 ||| STAIRDANCE
 26279 | Spider:2 | 26279 ||| STAIRDANCE
 26299 | Spider:2 | 26299 ||| INVOKING Heroism.
 26304 | Spider:2 | 26304 ||| INVOKING Finesse.
 26345 | Spider:2 | 26345 ||| Stepping ~*~*~tactically~*~*~ (stealth).
 26347 | Spider:2 | 26347 ||| Stepping ~*~*~tactically~*~*~ (stealth).
 26349 | Spider:2 | 26349 ||| Stepping ~*~*~tactically~*~*~ (stealth).
 26353 | Spider:2 | 26353 ||| Stepping ~*~*~tactically~*~*~ (stealth).
 26367 | Spider:2 | 26367 ||| INVOKING Heroism.
 26417 | Spider:2 | Noticed Agnes
 26418 | Spider:2 | 26418 ||| INVOKING Finesse.
 26438 | Spider:2 | Identified the +1 pair of gloves of Understanding {Int+6}
                  | (Okawaru gifted it to you on level 2 of the Spider Nest)
 26438 | Spider:2 | Received a gift from Okawaru
 26441 | Spider:2 | 26441 ||| INVOKING Heroism.
 26454 | Spider:2 | HP: 15/166 [Agnes/+2 lajatang of venom (32)]
 26455 | Spider:2 | Mangled by Agnes

Levels and vault maps discovered:
D:1:      kennysheep_arrival_forest, layout_loops_ring
D:2:      layout_basic, basic_altar
D:3:      layout_rooms, ebering_ecumenical_altar_sacrificial, corexii_shack,
          hangedman_glass_teeth
D:4:      layout_loops_cross, minitemple, minmay_fractal_squares_5
D:5:      layout_gridville
D:6:      layout_basic, mainiacjoe_overflow_catwalk,
          mainiacjoe_overflow_concentric_impassable, kennysheep_mini_moat,
          minmay_temple_entry_wispy, ebering_ghost_reflecting_pool,
          serial_shops, shop, chequers_mini_garden, serial_bayou_lagoon_a
D:7:      layout_loops_ring, eino_jars
D:8:      minmay_chambers_of_sixes, layout_basic, cheibrodos_ashenzari_chains,
          nicolae_shop_fire_sale [nicolae_sub_dead_trees], uniq_amaemon
D:9:      layout_rooms, grunt_gozag_statues, nicolae_overflow_hidden_temple,
          led_sif_pool, lair_entry_dummy, corexii_checkpoint_a,
          roderic_lattice_a
D:10:     layout_roguey, tso_oasis_becter, erik_orc_2, uniq_erolcha,
          uniq_nergalle
D:11:     layout_cave_pods, serial_shops, nicolae_inconvenience_store
D:12:     minmay_blocky_corners, layout_basic, uniq_azrael, uniq_kirke
D:13:     layout_long_grid, gammafunk_ghost_mausoleum,
          portal_ice_cave_entry_ice_simulacra, minmay_misc_feat_x
D:14:     layout_irregular_city, skrybe_vaults_entry_preservation,
          minmay_misc_feat_tiny, nicolae_wu_jian_glorious_leap
D:15:     gammafunk_depths_entry_grave, layout_loops_cross,
          minmay_crystal_water, gauntlet_entry_generic, serial_co_window_serial,
          co_window_corner_a, co_window_of_opportunity_a, co_window_paths_a,
          co_window_paths_b, co_window_of_opportunity_a, co_window_broadway_b,
          co_window_paths_c, co_window_broadway_a, co_window_paths_d,
          glass_columns_a, glass_columns_a
Temple:   nicolae_temple_figure_zero
Lair:1:   layout_long_grid, infiniplex_staircase_pool_2
Lair:2:   layout_chaotic_city, minmay_shoals_entry_lonely_mermaid,
          serial_bayou_shore_a, serial_bayou_shore_b, uniq_sonja
Lair:3:   wad_woods_structure_01, layout_regular_city, dummy_spider_entry,
          gammafunk_ghost_wrathful_warriors, columned_hall_lemuel, uniq_snorg,
          uniq_gastronok
Lair:4:   layout_gridlike, slime_entry_1, gammafunk_ghost_split,
          infiniplex_staircase_pool
Lair:5:   guppyfry_lair_end_dragon, layout_hall_layers,
          hangedman_lair_tendril_chambers, basic_altar, ice2_lemuel
Shoals:1: layout_shoals
Shoals:2: layout_shoals, nicolae_shoals_isolated_beach
Shoals:3: layout_shoals, nicolae_shoals_beach_cooler, uniq_louise
Spider:1: nicolae_spider_jumping_over_cracks [nicolae_spider_jumping_sub_moat,
          nicolae_spider_jumping_sub_plain, nicolae_spider_jumping_sub_divot,
          nicolae_spider_jumping_sub_offset]
Spider:2: layout_spider_delve, uniq_agnes
Orc:1:    layout_diamond_mine, basic_altar, trog_butcher_becter
Orc:2:    grunt_orc_community_town_hall, layout_caves,
          grunt_orc_community_big_house_1, grunt_orc_community_big_house_2,
          grunt_orc_community_house_3, grunt_orc_community_house_3,
          grunt_orc_community_house_1, grunt_orc_community_house_1,
          grunt_orc_community_house_1, mines1_david, uniq_nessos, uniq_josephine

Skill      XL: |  1  2  3  4  5  6  7  8  9 10 11 12 13 14 15 16 17 |
---------------+----------------------------------------------------+-----
Axes           | 2 3 4 5 6 7 8 10 11 13 15 16 17 18 | 18.0
Dodging        | 1 2 |  2.0
Fighting       | 4 5 6 7 8 9 10 11 12 13 14 | 14.0
Armour         | 4 5 6 7 9 10 11 12 | 12.2
Throwing       | 1 2 4 7 |  7.4
Invocations    | 2 4 5 9 10 | 10.0
Shields        | 4 6 7 10 13 15 | 15.8

Action                   |  1- 3 |  4- 6 |  7- 9 | 10-12 | 13-15 | 16-18 || total
-------------------------+-------+-------+-------+-------+-------+-------++-------
Melee: War axe           |   156 |    14 |       |       |       |       ||   170
       Hand axe          |       |   133 |    10 |     6 |    50 |     6 ||   205
       Broad axe         |       |       |   244 |   692 |  1224 |  1156 ||  3316
Throw: Boomerang         |       |    27 |    31 |    11 |    56 |    26 ||   151
       Javelin           |       |       |       |       |     6 |    99 ||   105
Invok: Heroism           |       |       |     5 |    35 |    42 |    31 ||   113
       Finesse           |       |       |       |     2 |    10 |    10 ||    22
  Use: Scroll            |     1 |     8 |     9 |     3 |     9 |     3 ||    33
       Potion            |       |     4 |     1 |     3 |     2 |     2 ||    12
Armor: Scale mail        |    88 |    10 |       |       |       |       ||    98
       Plate armour      |       |    44 |   171 |   466 |   690 |   625 ||  1996
Dodge: Dodged            |    63 |    38 |    91 |   232 |   300 |   197 ||   921
Block: Buckler           |    29 |    27 |    93 |   374 |   231 |       ||   754
       Kite shield       |       |       |       |       |   477 |   616 ||  1093
       Tower shield      |       |       |       |       |       |   309 ||   309

Table legend:
 A = Non-vault XP
 B = Vault XP
 C = Vault XP percentage of total XP
 D = Non-vault monster count
 E = Vault monster count
 F = Vault count percentage of total count
                 A         B        C        D         E       F
            +---------+---------+-------+---------+---------+-------
      Total |  154290 |   64202 |  29.4 |     682 |     267 |  28.1
            +---------+---------+-------+---------+---------+-------
        D:1 |      42 |       0 |   0.0 |      25 |       0 |   0.0
        D:2 |      57 |       0 |   0.0 |      22 |       0 |   0.0
        D:3 |      63 |       1 |   1.6 |      21 |       1 |   4.5
        D:4 |     281 |     165 |  37.0 |      36 |       2 |   5.3
        D:5 |     169 |       0 |   0.0 |       5 |       0 |   0.0
        D:6 |     624 |       0 |   0.0 |      14 |       0 |   0.0
        D:7 |    1176 |     550 |  31.9 |      22 |       9 |  29.0
        D:8 |    3283 |    3777 |  53.5 |      41 |       8 |  16.3
        D:9 |    2141 |       6 |   0.3 |      25 |       2 |   7.4
       D:10 |    3444 |    2560 |  42.6 |      27 |      23 |  46.0
       D:11 |    5241 |       0 |   0.0 |      22 |       0 |   0.0
       D:12 |    7335 |    6400 |  46.6 |      30 |      15 |  33.3
       D:13 |    6817 |     320 |   4.5 |      28 |       8 |  22.2
       D:14 |    4300 |    4117 |  48.9 |       7 |       9 |  56.2
       D:15 |   11884 |    4944 |  29.4 |      28 |       8 |  22.2
     Lair:1 |    3870 |       0 |   0.0 |      15 |       0 |   0.0
     Lair:2 |    7524 |    1262 |  14.4 |      28 |       2 |   6.7
     Lair:3 |    7515 |    5849 |  43.8 |      28 |      11 |  28.2
     Lair:4 |    6143 |       0 |   0.0 |      24 |       0 |   0.0
     Lair:5 |   12026 |   16457 |  57.8 |      31 |      60 |  65.9
   Shoals:1 |   15796 |       0 |   0.0 |      30 |       0 |   0.0
   Shoals:2 |   19326 |     618 |   3.1 |      39 |       2 |   4.9
   Shoals:3 |   11981 |    1180 |   9.0 |      25 |       1 |   3.8
   Spider:1 |   11318 |    3856 |  25.4 |      33 |      17 |  34.0
   Spider:2 |    8414 |       0 |   0.0 |      25 |       0 |   0.0
      Orc:1 |    1185 |     391 |  24.8 |      19 |       4 |  17.4
      Orc:2 |    2335 |    7989 |  77.4 |      32 |      74 |  69.8
   Gauntlet |       0 |    3760 | 100.0 |       0 |      11 | 100.0
            +---------+---------+-------+---------+---------+-------
